[Event "53rd Mar Del Plata Open 2024"]
[Site "Mar Del Plata"]
[Date "2024.03.26"]
[Round "4.1"]
[White "Christiansen, Johan-Sebastian"]
[Black "Perez Candelas, Andres Eloy"]
[Result "1-0"]
[ECO "C18"]
[WhiteElo "2633"]
[BlackElo "2246"]
[Annotator "TA"]
[PlyCount "63"]
[EventDate "2024.03.23"]
[EventType "swiss"]
[EventCountry "ARG"]
[SourceTitle "playchess.com"]
[Source "ChessBase"]
[SourceQuality "1"]
[TimeControl "5400+30"]

1. e4 e6 2. d4 d5 3. Nc3 Bb4 4. e5 c5 5. a3 Bxc3+ 6. bxc3 Ne7 7. Qg4 Qc7 8. Bd3 c4 9. Be2 O-O 10. Nf3 f6 11. exf6 Rxf6 12. Bg5 {[%emt 0:01:37] White is slightly better.} Rf8 (12... e5 $6 13. Qg3 Re6 14. Nxe5 $16 (14. dxe5 Nbc6 $16)) 13. Qg3 {[%emt 0:02:56] Black is weak on the dark squares} Qa5 {[%emt 0:20:51] [#]} (13... Qxg3 $11 {keeps the balance.} 14. hxg3 Ng6) 14. Nh4 $1 $40 {[%emt 0:01:12][%mdl 128] White has strong attack.} (14. Bxe7 $2 Qxc3+ 15. Nd2 Qxa1+ $19) 14... Nbc6 15. O-O Rf7 (15... Kh8 $16 {might work better.}) 16. Rfe1 $18 Bd7 17. Bh5 g6 18. Bg4 Nf5 19. Nxf5 exf5 20. Bf3 {[%emt 0:00:01] [#] Strongly threatening Qd6.} Re8 $2 (20... f4 21. Bxf4 Ne7) 21. Rxe8+ Bxe8 22. Re1 Bd7 23. Qd6 Qxc3 24. Kf1 (24. Rd1 $142 Kg7 25. Bxd5 (25. Qxd5 Qxa3 $18) 25... Qxc2 26. Rc1) 24... Qxd4 25. Bxd5 (25. Qxd5 h5 26. Rd1 Qg7 $18) 25... Kg7 26. Be3 {[%emt 0:06:51] A strong pair of Bishops.} Qf6 27. Qf4 g5 28. Qxc4 {[%emt 0:03:58][%cal Oe3g5] Black must now prevent Bxg5!} ({Don't take} 28. Qxg5+ Qxg5 29. Bxg5 Rf8 30. Bxc4 Bc8 $18) 28... f4 29. Bd2 {[%emt 0:00:25][%cal Od2c3] And now Bc3! would win.} Re7 $2 (29... Nd4 30. a4 (30. Bxf7 Bb5 $18) 30... f3) 30. Bc3 {[%emt 0:01:16] White is clearly winning.} Ne5 31. Qe4 Bb5+ 32. Kg1 {[%emt 0:00:01] White took control after the opening.   Weighted Error Value: White=0.27 (precise) /Black=0.52.  Mistake:       	---       	Black=4      Inaccurate:     	---       	Black=1      OK:         	White=12    	Black=8      Best:        	White=2     	Black=1      Strong:       	White=1     	---} 1-0

[Event "53rd Mar Del Plata Open 2024"]
[Site "Mar Del Plata"]
[Date "2024.03.26"]
[Round "4.2"]
[White "Villegas, Franco"]
[Black "Felgaer, Ruben"]
[Result "1/2-1/2"]
[ECO "B50"]
[WhiteElo "2328"]
[BlackElo "2565"]
[Annotator "TA"]
[PlyCount "64"]
[EventDate "2024.03.23"]
[EventType "swiss"]
[EventCountry "ARG"]
[SourceTitle "playchess.com"]
[Source "ChessBase"]
[SourceQuality "1"]
[TimeControl "5400+30"]

1. e4 c5 2. Nf3 d6 3. c3 Nf6 4. Be2 Nbd7 5. d3 b6 6. O-O Bb7 7. Re1 e6 8. Bf1 Be7 9. Nbd2 O-O 10. d4 Qc7 11. Bd3 Rfd8 12. Qe2 {[%emt 0:02:10] The position is equal.} cxd4 13. cxd4 Rac8 14. b3 Nf8 15. Bb2 Qb8 16. a4 Rc7 17. Rec1 Rxc1+ 18. Rxc1 Rc8 19. Rxc8 Qxc8 20. Ne1 d5 21. e5 N6d7 22. Nc2 Ba6 {[%emt 0:02:02] [#] aiming for ...Qxc2.} 23. Nb1 Bxd3 24. Qxd3 a5 25. Ba3 Ng6 26. g3 Qc6 27. Kf1 f6 28. f4 fxe5 29. fxe5 Bxa3 30. Nbxa3 Ne7 31. Ke2 Nf5 32. Kd2 h6 {[%emt 0:15:59] Weighted Error Value: White=0.03 (flawless) /Black=0.06 (flawless) .  OK:         	White=6     	Black=10     Best:        	White=1     	---} 1/2-1/2

[Event "53rd Mar Del Plata Open 2024"]
[Site "Mar Del Plata"]
[Date "2024.03.26"]
[Round "4.3"]
[White "Schnaider, Ilan"]
[Black "Tristan, Leonardo"]
[Result "1/2-1/2"]
[ECO "C65"]
[WhiteElo "2314"]
[BlackElo "2521"]
[Annotator "TA"]
[PlyCount "126"]
[EventDate "2024.03.23"]
[EventType "swiss"]
[EventCountry "ARG"]
[SourceTitle "playchess.com"]
[Source "ChessBase"]
[SourceQuality "1"]
[TimeControl "5400+30"]

1. e4 e5 2. Nf3 Nc6 3. Nc3 Nf6 4. Bb5 Bd6 5. O-O O-O 6. d4 ({White should play} 6. d3 $11) 6... exd4 $15 7. Nxd4 Nxd4 8. Qxd4 Re8 {[%emt 0:00:09] Black is slightly better.} 9. Re1 Be5 10. Qd3 (10. Qd1 $15) 10... c6 $17 11. Ba4 d5 12. Bg5 {[%emt 0:08:21] [#]} d4 (12... b5 $1 $17 13. Bb3 a5) 13. Bxf6 Qxf6 14. Ne2 {[%emt 0:00:28] White is weak on the dark squares} a5 15. a3 Bc7 16. Bb3 a4 17. Ba2 Qe5 18. Ng3 Be6 19. Bxe6 Rxe6 20. Rf1 Rf6 21. Rad1 h5 (21... Rd8 $17 22. Rfe1 g6) 22. Qxd4 $15 h4 23. Qxe5 Bxe5 24. Nf5 Bxb2 25. Rd3 Re6 26. Rb1 $1 Bf6 $36 {[%emt 0:00:06][%mdl 2048] Black is pushing.} 27. f3 b5 28. Ne3 Rd8 29. Rxd8+ Bxd8 {[%emt 0:00:05][%mdl 4096] Endgame. KRB-KRN} 30. Kf2 Rd6 31. Ke2 {[%emt 0:02:17] Wards off Rd2+} Ba5 32. Rd1 {[%emt 0:01:14] Repels Rd2+} Rxd1 33. Nxd1 $17 {[%emt 0:03:26] KB-KN} (33. Kxd1 $17 Bc7 34. Nf5) 33... Bc7 $19 34. c4 bxc4 (34... Bxh2 35. cxb5 cxb5 36. Nc3 $15) ({Black should try} 34... Bd6 $19 35. Nc3 (35. cxb5 $2 cxb5 36. Nc3 Bxa3 $19) 35... Bxa3 (35... bxc4 36. Nxa4 Bxh2 37. Nb6 $11) 36. cxb5 cxb5 37. Nxb5 Bd6) 35. Nb2 $11 Bxh2 36. Nxc4 (36. Nxa4 $11 {remains equal.} Bd6 37. Nb2) 36... Kh7 $17 37. Ke3 (37. Nb2 $17 {was necessary.}) 37... Kh6 38. f4 g5 39. fxg5+ Kxg5 {[%emt 0:00:05] [#] Threatens to win with ...Kg4.} 40. Kf3 f6 41. Nb6 Bg1 42. Nc4 Bc5 43. Nb2 Bd4 $2 ({Don't play} 43... Bxa3 44. Nxa4 Bd6 45. Nb2 $17) (43... Bb6 $19 {White must now prevent ...Ba7.} 44. Nc4 Bd4) 44. Nxa4 $11 {[%emt 0:00:47] The position is equal.} Kg6 {[%emt 0:00:50] And now ...Kg5 would win.} (44... Kh5 $5 45. Kf4 $8 Be5+ 46. Kf5 Bd4 $11) 45. Ke2 Kg5 46. Kf3 f5 (46... Kh5 $5 47. Kf4 $8 Be5+ 48. Kf5 Bd4 $11) 47. e5 Bxe5 {[%emt 0:00:55] Hoping for ...Bd4.} 48. Nb6 $1 Bc7 49. Nc4 Kf6 50. a4 Ke6 51. a5 Kd7 52. a6 {[%emt 0:00:25] a7 is the strong threat.} Kc8 53. Ne3 f4 54. Nf5 (54. a7 $5 Kb7 $8 (54... fxe3 $2 {loses.} 55. a8=Q+ Kd7 56. Qa7 $18) 55. Nf5 $11) 54... c5 55. Nxh4 Kb8 56. Ke4 Ka7 57. Kd5 Bb6 58. Ng6 Kxa6 59. Kc4 Kb7 60. Nxf4 Kc6 61. g4 Bd8 62. Ne6 Be7 63. Nxc5 Bxc5 {[%emt 0:00:05] Whites escaped into a draw.   Weighted Error Value: White=0.13 (very precise) /Black=0.17 (very precise) .  Missed win:     	---       	Black=1      Mistake:       	White=4     	Black=3      Inaccurate:     	White=3     	Black=1      OK:         	White=30    	Black=33     Best:        	White=4     	Black=1      Strong:       	White=2     	---} 1/2-1/2

[Event "53rd Mar Del Plata Open 2024"]
[Site "Mar Del Plata"]
[Date "2024.03.26"]
[Round "4.4"]
[White "Moreno Perez, Tobias Sebastian"]
[Black "Spata, German"]
[Result "1/2-1/2"]
[ECO "A13"]
[WhiteElo "2246"]
[BlackElo "2421"]
[Annotator "TA"]
[PlyCount "140"]
[EventDate "2024.03.23"]
[EventType "swiss"]
[EventCountry "ARG"]
[SourceTitle "playchess.com"]
[Source "ChessBase"]
[SourceQuality "1"]
[TimeControl "5400+30"]

1. Nf3 d5 2. c4 e6 3. g3 Nf6 4. Bg2 dxc4 5. Qa4+ Bd7 6. Qxc4 c5 7. O-O b5 8. Qc2 {[%emt 0:01:20] Weiß hat minimalen Vorteil.} Nc6 {[%emt 0:02:15] Wehrt Ne5 ab} 9. a4 b4 10. d3 Rc8 11. Nbd2 Be7 12. Nc4 O-O 13. Bd2 Nd5 14. Rfc1 Nb6 15. Nce5 (15. Nfe5 {ist vielschichtiger.} Nxc4 16. Nxd7 Na3 17. Rxa3 Nd4 18. Qd1) 15... Nxe5 16. Nxe5 Bf6 17. Nxd7 Qxd7 18. a5 $1 Nd5 19. Qb3 Ne7 20. Be3 $36 {[%emt 0:03:37][%mdl 2048] Weiss steht aktiver.} Qb5 (20... Qd6 $11) 21. Qc4 $16 Qxc4 (21... Qd7 $14) 22. Rxc4 Bxb2 23. Rb1 {[%emt 0:00:12] Weiß steht aktiver.} Ba3 (23... Bd4 $16) 24. Bxc5 $18 Rc7 25. a6 (25. Bxb4 Rxc4 26. Bxe7 (26. dxc4 Rb8 $14) (26. Bxa3 Rc7 $11) 26... Rc1+ 27. Rxc1 Bxc1 28. Bxf8 Kxf8 $16) 25... Rd8 26. Bb7 {[%emt 0:04:08] Ein starkes Läuferpaar.} ({Keinesfalls} 26. Bxb4 Rxc4 27. Bxa3 (27. dxc4 Bxb4 28. Rxb4 Rd1+ 29. Bf1 Nc6 $18) 27... Rc7 $18) 26... Nc6 {[%emt 0:01:45] [#]} (26... Rxc5 {war angesagt.} 27. Rxc5 Rd6) 27. Bxa7 Rxb7 28. axb7 Nxa7 29. Rc7 $2 (29. Rd4 $1 $18 Rb8 30. Rd6) 29... Rb8 $14 30. d4 {[%emt 0:00:14][%mdl 1024] Droht e4. Weiss hat Kompensation.} Kf8 $2 (30... h6 $11 {und Schwarz ist OK.}) 31. e4 $18 Ke8 32. d5 Kd8 $2 (32... exd5 {ist eine bessere Verteidigung.} 33. exd5 Kd8 34. Rxf7 Nb5 35. Rxg7 Nd6 36. Rxh7 Rxb7 37. Rxb7 Nxb7) 33. Rxf7 exd5 34. exd5 Nb5 {[%emt 0:00:32] Es drohte d6} 35. Rxg7 Nd6 36. Rxh7 Rxb7 37. Rxb7 Nxb7 38. h4 Nc5 39. h5 {[%emt 0:00:31] h6 wäre nun fies.} Ke7 $2 (39... Ke8 {kämpft weiter.} 40. h6 Kf7) 40. g4 b3 {[%emt 0:01:19] [#]} 41. d6+ $1 Kxd6 42. h6 {[%emt 0:00:08] h7 ist eine echte Drohung.} Bb4 {[%emt 0:00:02] [#]} 43. Kf1 $2 (43. g5 $1 $18 {[%cal Rg5g6] Schwarz muss nun g6 beachten.} Ke7 44. g6) 43... Ke6 $11 44. Ke2 (44. h7 $5 Bc3 $8 45. Ke2 $11) 44... Kf7 45. f4 {[%emt 0:00:17] Droht stark f5.} Bc3 46. g5 Kg6 47. Kf3 b2 48. Kg4 Ne4 49. f5+ Kf7 50. h7 Kg7 51. g6 Nd2 52. Rh1 {[%emt 0:00:02][%cal Rh7h8] Sehr scharf!} Kf8 $1 (52... b1=B 53. h8=Q#) (52... Kh8 53. Re1) 53. Kg5 Ne4+ $2 (53... Bh8 $11) 54. Kf4 Nd2 55. h8=Q+ ({Schwächer ist} 55. h8=N Nb3 56. Rb1 (56. Nf7 $2 Nc1 $19) 56... Bxh8 $11) 55... Bxh8 56. Rxh8+ {[%emt 0:00:07] KR-KN} Ke7 57. Rh7+ Ke8 58. Rh8+ $2 (58. Rh1 b1=Q 59. Rxb1 Nxb1 60. Ke5 Nc3 61. Ke6 Ne2 62. g7 Nf4+ 63. Kf6) 58... Ke7 59. Rh7+ $2 (59. Rb8 $11 b1=R 60. Rxb1 Nxb1 61. Ke5) 59... Ke8 $1 60. Rb7 b1=Q 61. Rxb1 Nxb1 {[%emt 0:00:05] [#] KN-KPP} 62. f6 $2 (62. Ke5 $1 {setzt Matt} Nd2 63. Ke6 Nf3 64. g7 Ng5+ 65. Kf6 Nh7+ 66. Kg6 Nf8+ 67. gxf8=Q+ (67. gxf8=R+ Kxf8 68. Kf6 Ke8 69. Kg7 Ke7 70. f6+ Ke6 71. f7 Ke5) 67... Kxf8 68. Kf6) 62... Nd2 {[%emt 0:01:52] Die Stellung ist ausgeglichen.} 63. f7+ (63. Ke5 $5 Nf3+ $8 64. Kf4 $11) 63... Ke7 64. Kg5 {[%emt 0:00:26] Droht Matt per Kh6.} Ne4+ 65. Kh6 {[%emt 0:00:35] jetzt Kg7 und aus.} Kf8 66. Kh7 {[%emt 0:00:27] Weiss droht g7+ und Matt.} Ng5+ 67. Kh8 Nxf7+ 68. Kh7 Ng5+ 69. Kh8 Nf7+ 70. Kh7 {[%emt 0:00:02] Zielt auf g7+ ab.} Ng5+ {[%emt 0:00:09] Gewichteter Fehlerwert: Weiß=0.38/Schwarz=0.41.  Verlustzug:     	---       	Schwarz=2     Gewinn verpasst:   	Weiß=2     	---        Fehler:       	Weiß=1     	Schwarz=6     Ungenau:       	Weiß=3     	Schwarz=1     OK:         	Weiß=18    	Schwarz=25    Bester:       	Weiß=7     	Schwarz=11    Stark:        	Weiß=1     	Schwarz=2} 1/2-1/2

[Event "53rd Mar Del Plata Open 2024"]
[Site "Mar Del Plata"]
[Date "2024.03.26"]
[Round "4.5"]
[White "Villordo, Matias"]
[Black "Marrujo Pardo, Mauricio Emmanuel"]
[Result "0-1"]
[ECO "C45"]
[WhiteElo "2041"]
[BlackElo "2337"]
[Annotator "RC"]
[PlyCount "54"]
[EventDate "2024.03.23"]
[EventType "swiss"]
[EventCountry "ARG"]
[SourceTitle "playchess.com"]
[Source "ChessBase"]
[SourceQuality "1"]
[TimeControl "5400+30"]

1. e4 e5 2. Nf3 Nc6 3. d4 exd4 4. Nxd4 Bc5 5. Nb3 Bb6 6. Nc3 Nf6 7. Qe2 O-O 8. Bg5 h6 9. Bh4 Nd4 10. Qd3 Nxb3 11. axb3 d6 12. O-O-O g5 13. Bg3 Ng4 14. Qd2 Be6 15. h4 Qf6 16. hxg5 hxg5 17. Rh5 Rfe8 18. Rxg5+ Kf8 19. e5 dxe5 20. Ne4 Qh6 21. Be2 Rad8 22. Qxd8 Rxd8 23. Rxd8+ Ke7 24. Rd2 Bxf2 25. Rxg4 Bxg4 26. Bxg4 Be3 27. Kd1 Bxd2 0-1

[Event "53rd Mar Del Plata Open 2024"]
[Site "Mar Del Plata"]
[Date "2024.03.26"]
[Round "4.6"]
[White "Aranda, Juan Manuel"]
[Black "Pierrot, Facundo"]
[Result "1-0"]
[ECO "D02"]
[WhiteElo "2102"]
[BlackElo "2326"]
[Annotator "RC"]
[PlyCount "79"]
[EventDate "2024.03.23"]
[EventType "swiss"]
[EventCountry "ARG"]
[SourceTitle "playchess.com"]
[Source "ChessBase"]
[SourceQuality "1"]
[TimeControl "5400+30"]

1. Nf3 Nc6 2. d4 d5 3. g3 Bf5 4. Bg2 Nf6 5. O-O e6 6. c4 Be7 7. Ne5 Nxe5 8. dxe5 Ne4 9. Be3 O-O 10. g4 Bg6 11. cxd5 exd5 12. f4 f5 13. Nc3 Nxc3 14. bxc3 c6 15. c4 dxc4 16. Qa4 fxg4 17. Qxc4+ Kh8 18. Rad1 Qc8 19. Bc5 Qc7 20. e6 Rad8 21. Rxd8 Qxd8 22. e4 Bh5 23. f5 b6 24. Bxe7 Qxe7 25. Qxc6 Qa3 26. Qd5 g3 27. f6 Qe3+ 28. Kh1 Qh6 29. fxg7+ Kxg7 30. Qe5+ Kg8 31. Qxg3+ Bg6 32. e7 Re8 33. Qb3+ Kh8 34. Qc3+ Kg8 35. Qc4+ Kh8 36. Qd4+ Kg8 37. Qd5+ Kh8 38. Qe5+ Kg8 39. Qe6+ Kh8 40. Qf6+ 1-0

[Event "53rd Mar Del Plata Open 2024"]
[Site "Mar Del Plata"]
[Date "2024.03.25"]
[Round "4.7"]
[White "Kiselev, Vitalii"]
[Black "Carcamo, Matias"]
[Result "1-0"]
[ECO "B01"]
[WhiteElo "2519"]
[BlackElo "2102"]
[Annotator "TA"]
[PlyCount "77"]
[EventDate "2024.03.23"]
[EventType "swiss"]
[EventCountry "ARG"]
[SourceTitle "playchess.com"]
[Source "ChessBase"]
[SourceQuality "1"]
[TimeControl "5400+30"]

1. e4 d5 2. exd5 Qxd5 3. Nf3 Nf6 4. d4 Bg4 5. Be2 c6 6. h3 Bh5 (6... Bxf3 $14 7. Bxf3 Qd6) 7. O-O $16 e6 8. c4 {[%emt 0:00:09] White is slightly better.} Qa5 9. Nbd2 (9. Bf4 $16) 9... Nbd7 $14 10. a3 Be7 11. b4 Qc7 ({Not} 11... Bxb4 $2 12. Nb3 Qc7 13. axb4 $18) 12. Bb2 O-O 13. Qb3 Rfd8 14. Rfe1 Nf8 15. Bf1 Bg6 16. Ne5 N6d7 17. Nxg6 Nxg6 18. g3 Bf6 (18... a5 $14) 19. Ne4 $16 Be7 20. Bg2 Nf6 21. Nd2 a5 22. Rac1 axb4 23. axb4 Qb6 (23... h5 $11) 24. Bc3 Qc7 25. Nf1 Ra7 26. Ne3 Rda8 27. d5 Ra3 28. Qb2 Ra2 29. Qb1 cxd5 ({Black should try} 29... Bd6) 30. cxd5 Qb6 31. dxe6 fxe6 32. Rc2 (32. Nc2 $18) 32... Rxc2 33. Qxc2 Rc8 34. Qb3 Kh8 35. Rd1 Nh5 (35... e5 $16 36. Rd3 Qc7) 36. Kh2 {[%emt 0:02:32] Hoping for Bd4.} Nxg3 $2 (36... Rf8) 37. fxg3 $18 {[%emt 0:00:31] White is clearly winning.} Bd6 38. Be1 {[%emt 0:01:06][%cal Oe3c4] [#] Nc4! would now be deadly.} (38. Qxe6 $2 {too greedy.} Bxg3+ (38... Rxc3 $2 39. Rxd6 $18) 39. Kxg3 Qxe6 $19) 38... h5 39. Nc4 {[%emt 0:00:24] Weighted Error Value: White=0.15 (very precise) /Black=0.38.  Mistake:       	White=2     	Black=6      Inaccurate:     	White=1     	Black=4      OK:         	White=10    	Black=6      Best:        	White=1     	Black=3} (39. Qxe6 $2 {is the wrong capture.} Bxg3+ 40. Bxg3 Qxe6 $19) 1-0

[Event "53rd Mar Del Plata Open 2024"]
[Site "Mar Del Plata"]
[Date "2024.03.26"]
[Round "4.8"]
[White "Espinoza Palomino, Willyam"]
[Black "Campos, Maria Jose"]
[Result "1/2-1/2"]
[ECO "C92"]
[WhiteElo "2400"]
[BlackElo "2224"]
[Annotator "TA"]
[PlyCount "98"]
[EventDate "2024.03.23"]
[EventType "swiss"]
[EventCountry "ARG"]
[SourceTitle "playchess.com"]
[Source "ChessBase"]
[SourceQuality "1"]
[TimeControl "5400+30"]

1. e4 e5 2. Nf3 Nc6 3. Bb5 a6 4. Ba4 Nf6 5. O-O Be7 6. Re1 b5 7. Bb3 d6 8. c3 O-O 9. h3 Be6 10. d4 Bxb3 11. Qxb3 Re8 12. Nbd2 exd4 13. cxd4 Bf8 14. Qc3 Ne7 15. b4 d5 16. e5 Ne4 17. Qc2 (17. Nxe4 dxe4 18. Rxe4 Nd5 $11) 17... f5 18. exf6 Nxf6 19. Bb2 Qd6 20. a3 Qf4 21. Ne5 {[%emt 0:01:15][%cal Od2f3] Weiß steht aktiver.} Nf5 $1 22. Ndf3 Nd6 $1 23. g3 (23. Bc1 $14 {kam in Betracht.} Qf5 24. Qc6 (24. Qxc7 Rec8 $11)) 23... Qf5 $11 24. Qxf5 (24. Qxc7 Rac8 25. Qb6 Nc4 26. Nxc4 dxc4 $17) 24... Nxf5 25. Rec1 Bd6 26. Bc3 Ne4 27. Nd3 (27. Kg2 $11) 27... h5 (27... Rf8 $1 $17 {[%cal Of5g3] ...Nfxg3! ist eine echte Drohung.} 28. Nde5 Nxc3 29. Rxc3 h6 (29... Nxd4 30. Nxd4 Bxe5 31. Rd3 $17)) 28. Be1 {[%emt 0:01:21] [#]} (28. Bb2 $11) 28... g5 (28... Rf8 $1 $17 {[%cal Rf5g3] Weiss muss nun ...Nfxg3! beachten.} 29. Kg2 Bxg3) 29. Bc3 (29. g4 $11 Ng7 30. gxh5) 29... g4 30. hxg4 hxg4 31. Nh2 Nxc3 $1 32. Rxc3 Nxd4 33. Kg2 Re4 34. Re1 Rae8 35. Rxe4 Rxe4 ({Natürlich nicht} 35... dxe4 $6 36. Nc5 $11) 36. Nf4 Bxf4 37. gxf4 $17 {[%emt 0:00:34][%mdl 4096] Endspiel. KRN-KRN} Ne2 38. Rxc7 Nxf4+ ({Jedoch nicht} 38... Rxf4 39. Rc2 Re4 40. Kf1 $11) 39. Kg3 {[%emt 0:00:30] [#]} Ne2+ ({Besser ist} 39... Nh5+ $1 $17 40. Kg2 d4) 40. Kg2 $11 {[%emt 0:00:07] Die Stellung ist ausgeglichen.} Rc4 41. Ra7 Nf4+ 42. Kg3 Ne2+ 43. Kg2 d4 {[%emt 0:00:18] ...d3 wäre nun fies.} 44. Nxg4 d3 45. Nf6+ Kf8 {[%emt 0:00:07] Droht ...Rd4 und aus.} 46. Rd7 Rd4 (46... Rf4 $5 47. Nh7+ $8 Kg8 $11) 47. Nh7+ Ke8 48. Nf6+ Kf8 49. Nh7+ Ke8 {[%emt 0:00:06] Gewichteter Fehlerwert: Weiß=0.19 (sehr präzise) /Schwarz=0.17 (sehr präzise) .  Fehler:       	Weiß=4     	Schwarz=3     Ungenau:       	Weiß=1     	Schwarz=3     OK:         	Weiß=18    	Schwarz=10    Bester:       	Weiß=3     	Schwarz=3     Stark:        	---       	Schwarz=3} 1/2-1/2

[Event "53rd Mar Del Plata Open 2024"]
[Site "Mar Del Plata"]
[Date "2024.03.26"]
[Round "4.9"]
[White "Villarreal, Agustin"]
[Black "Acosta, Pablo Ismael"]
[Result "0-1"]
[ECO "E90"]
[WhiteElo "2285"]
[BlackElo "2463"]
[Annotator "TA"]
[PlyCount "56"]
[EventDate "2024.03.23"]
[EventType "swiss"]
[EventCountry "ARG"]
[SourceTitle "playchess.com"]
[Source "ChessBase"]
[SourceQuality "1"]
[TimeControl "5400+30"]

1. d4 Nf6 2. c4 c5 3. d5 g6 4. Nc3 d6 5. e4 Bg7 6. Nf3 O-O 7. h3 e5 8. g4 Qa5 9. Bd2 Na6 10. Be2 Bd7 {[%emt 0:02:03] White is better.} 11. Nh2 Ne8 12. Nf1 f5 (12... Qd8 $16 {keeps fighting.}) 13. exf5 gxf5 14. Ng3 Qb6 15. gxf5 Bxf5 (15... Kh8 {was worth a try.} 16. Bg4 Qd8) 16. Nxf5 $18 Rxf5 17. Bg4 Rf8 18. Rg1 Kh8 19. Ne4 Qxb2 20. Bc3 Qa3 {[%emt 0:13:45] [#]} (20... Qb6 $142) 21. Rg3 $1 $16 {[%emt 0:00:01][%mdl 1024] Strongly threatening Be6. White has strong compensation. Black is weak on the light squares} Nac7 22. Ng5 Nf6 23. Be6 (23. Qc2 $16) 23... Rae8 $11 24. Qe2 Re7 {[%emt 0:03:11] Hoping for ...h6.} 25. Bxe5 $1 Qa6 26. Bb2 {[%emt 0:00:02] Threatens to win with Ra3. This pair of bishops is nice.} h6 27. Ne4 Nxe6 {[%emt 0:00:19] [#]} (27... Nxe4 $11 {keeps the balance.} 28. Rxg7 Qa5+ (28... Nxf2 29. Rxe7+) 29. Kf1 Nd2+ (29... Nxf2 30. Rxe7+) 30. Kg2 Rxg7+ 31. Bxg7+ Kxg7 32. Qg4+ Kh8) 28. Rxg7 $4 Nxg7 {[%emt 0:04:20] Weighted Error Value: White=0.41/Black=0.22 (precise) .  Loses game:     	White=1     	---        Mistake:       	White=1     	Black=4      OK:         	White=5     	Black=7      Strong:       	White=2     	---} ({Worse is} 28... Rxg7 29. dxe6 Qa5+ (29... Rg1+ $2 30. Kd2 $18) 30. Nc3 $14 (30. Kf1 Nxe4 31. Qxe4 Qd2 $11)) 0-1

[Event "53rd Mar Del Plata Open 2024"]
[Site "Mar Del Plata"]
[Date "2024.03.26"]
[Round "4.10"]
[White "Flores, Diego"]
[Black "Di Muro, Matias"]
[Result "1-0"]
[ECO "D11"]
[WhiteElo "2530"]
[BlackElo "2234"]
[Annotator "TA"]
[PlyCount "85"]
[EventDate "2024.03.23"]
[EventType "swiss"]
[EventCountry "ARG"]
[SourceTitle "playchess.com"]
[Source "ChessBase"]
[SourceQuality "1"]
[TimeControl "5400+30"]

1. c4 c6 2. Nf3 Nf6 3. d4 d5 4. e3 Bg4 5. Qb3 Qc7 6. Ne5 Bf5 7. cxd5 cxd5 8. Nc3 {[%emt 0:00:45] White is slightly better.} e6 9. Bb5+ Nfd7 ({Black should play} 9... Nc6 $14) 10. e4 $1 $16 {[%emt 0:22:16] White is more active.} dxe4 (10... Bxe4 {was necessary.} 11. Nxe4 dxe4) 11. Bf4 {[%emt 0:01:26][%cal Bc1f4,Bf4d2,Bd2b4][%mdl 32] And now Nxd7 would win.} Bd6 12. g4 $36 {[%emt 0:32:13][%mdl 2048] White is in control.} Bxg4 {[%emt 0:08:50] [#]} (12... Bg6 $142) 13. Bxd7+ $1 $18 (13. Nxe4 Bxe5 14. dxe5 O-O $11) 13... Nxd7 {[%emt 0:00:17] [#]} 14. Nb5 $1 {[%emt 0:00:04] Excellent horsemanship.} Qa5+ 15. Bd2 Qa6 16. Nxg4 Rc8 17. a4 Be7 $2 (17... Bb8 18. Qb4 f6) 18. Bb4 Rc6 19. Ne5 Nxe5 20. dxe5 Qb6 21. O-O a6 22. Bxe7 Kxe7 23. Qa3+ Qc5 24. Nd6 (24. Na7 $142 Qxa3 25. Nxc6+ (25. Rxa3 Rc7 $17) 25... bxc6 26. Rxa3) 24... Qxa3 25. Rxa3 Rc5 26. Nxb7 ({Resist} 26. Nxe4 $6 Rxe5 27. Nc3 Rd8 $18) 26... Rxe5 27. Rc1 Rb8 28. Rc7+ Kf6 29. Nd6 Rd5 $2 (29... e3 30. Rxf7+ (30. Rxe3 Rxe3 31. Rxf7+ Kg6 $18) 30... Kg6 31. Rxe3 (31. fxe3 Rd8 $16) 31... Rxe3) 30. Rxf7+ Ke5 31. Nc4+ Kd4 32. Rc7 Rb4 (32... Rc5 $142) 33. Ne3 Rg5+ 34. Kf1 Rxb2 35. Ra1 {[%emt 0:00:13] Prevents Rb1+.} Rb3 36. Rd1+ Ke5 37. Rf7 Rb4 {[%emt 0:00:27] Inhibits Nc4+.} 38. h3 h5 39. a5 Rd4 40. Rc1 Kd6 41. Ra7 Ra4 42. Nc4+ Kd5 43. Nb6+ {[%emt 0:00:00] Black did not feel at home in the position after the opening.   Weighted Error Value: White=0.27 (precise) /Black=0.56.  Mistake:       	White=1     	Black=6      Inaccurate:     	---       	Black=1      OK:         	White=14    	Black=9      Best:        	White=2     	Black=1      Strong:       	White=3     	---} (43. Rd7+ $142 Kc5 44. Ne5+ Rc4 45. Rxc4+ Kb5 46. Rb7+ Kxa5 47. Nc6#) 1-0